 Dungeon Crawl Stone Soup version 0.26.1-11-gd32895ea62 (console) character file.

Game seed: 10031537744150880579

28076 erker the Martial Artist (level 13, -1/99 HPs)
             Began as a Gnoll Transmuter on June 23, 2021.
             Was the Champion of Cheibriados.
             Slain by a white ugly thing (4 damage)
             ... on level 14 of the Dungeon.
             The game lasted 00:44:03 (15644 turns).

erker the Martial Artist (Gnoll Transmuter)        Turns: 15644, Time: 00:44:04

Health: -1/99      AC: 10    Str: 33    XL:     13   Next: 36%
Magic:  22/26      EV: 23    Int: 34    God:    Cheibriados [******]
Gold:   657        SH:  0    Dex: 33    Spells: 13/31 levels left

rFire    . . .     SeeInvis .     - Unarmed
rCold    . . .     Faith    .   (shield currently unavailable)
rNeg     . . .     Spirit   .   t - +0 troll leather armour
rPois    .         Reflect  .   G - +0 helmet
rElec    .         Harm     .   (no cloak)
rCorr    .         Rampage  .   (gloves currently unavailable)
Will     .....                  (no boots)
Stlth    +++++.....             l - amulet of the acrobat
HPRegen  0.66/turn              d - +6 ring of strength
MPRegen  0.20/turn              c - +4 ring of protection

@: blade hands (expiring), very slow
A: distributed training, fangs 1, strong nose
a: End Transformation, Renounce Religion, Bend Time, Temporal Distortion,
Slouch, Step From Time


You were on level 14 of the Dungeon.
You worshipped Cheibriados.
Cheibriados was exalted by your worship.
You had blades for hands.
You visited 2 branches of the dungeon, and saw 15 of its levels.

You collected 715 gold pieces.
You spent 58 gold pieces at shops.

Inventory:

Hand Weapons
 D - a +6 war axe of freezing
 S - a +4 trident
Missiles
 a - 2 datura-tipped darts
 f - 8 silver javelins
 u - 52 poisoned darts (quivered)
 J - 6 silver boomerangs
 P - 3 throwing nets
 V - 7 curare-tipped darts
Armour
 t - a +0 troll leather armour (worn)
 C - a +0 pair of gloves (melded)
 G - a +0 helmet (worn)
 Q - a +4 scale mail of fire resistance
 T - a +0 robe of willpower
 Z - +0 acid dragon scales
Jewellery
 c - a +4 ring of protection (right scythe-like blade)
 d - a +6 ring of strength (left scythe-like blade)
 l - an amulet of the acrobat (around neck)
 y - an uncursed ring of positive energy
 M - an uncursed ring of fire
Wands
 r - a wand of acid (3)
 w - a wand of enslavement (5)
 A - a wand of polymorph (33)
 F - a wand of paralysis (3)
 U - a wand of disintegration (6)
 X - a wand of iceblast (13)
Scrolls
 e - a scroll of blinking
 h - 4 scrolls of enchant weapon
 k - 5 scrolls of magic mapping
 m - a scroll of brand weapon
 o - 2 scrolls of amnesia
 s - 3 scrolls of teleportation
 z - 8 scrolls of remove curse
 B - 2 scrolls of torment
 H - a scroll of holy word {unknown}
 I - 3 scrolls of fog
 N - a scroll of noise {unknown}
 O - a scroll of enchant armour {unknown}
 W - a scroll of vulnerability
 Y - a scroll of fear
Potions
 b - 3 potions of flight
 g - 3 potions of attraction
 i - 2 potions of degeneration
 j - 7 potions of curing
 n - 4 potions of haste
 p - 3 potions of heal wounds
 q - 2 potions of magic
 v - a potion of berserk rage
 x - 3 potions of might
 E - a potion of cancellation
 K - 4 potions of resistance
 L - a potion of lignification
Miscellaneous
 R - a tin of tremorstones (2/2)


   Skills:
 + Level 8.7 Fighting
 + Level 8.2 Short Blades
 + Level 8.2 Long Blades
 + Level 8.2 Axes
 + Level 8.2 Maces & Flails
 + Level 8.2 Polearms
 + Level 8.2 Staves
 + Level 8.2 Slings
 + Level 8.2 Bows
 + Level 8.2 Crossbows
 + Level 8.2 Throwing
 + Level 8.2 Armour
 + Level 9.4 Dodging
 + Level 8.2 Stealth
 + Level 8.2 Shields
 + Level 10.4 Unarmed Combat
 + Level 9.6 Spellcasting
 + Level 6.8 Conjurations
 + Level 6.8 Hexes
 + Level 6.8 Summonings
 + Level 6.8 Necromancy
 + Level 6.8 Translocations
 + Level 7.9 Transmutations
 + Level 6.8 Fire Magic
 + Level 6.8 Ice Magic
 + Level 6.8 Air Magic
 + Level 6.8 Earth Magic
 + Level 6.8 Poison Magic
 + Level 9.0 Invocations
 + Level 8.2 Evocations


You had 13 spell levels left.
You knew the following spells:

 Your Spells              Type           Power        Failure   Level
a - Apportation           Tloc           100%         9%          1
b - Beastly Appendage     Tmut           100%         7%          1
h - Blade Hands           Tmut           31%          26%         5
l - Summon Lightning Spi  Summ/Air       58%          21%         4
s - Spider Form           Tmut/Pois      30%          11%         3
y - Ice Form              Ice/Tmut       61%          17%         4

Your spell library contained the following spells:

 Spells                   Type           Power        Failure   Level
 Animate Skeleton         Necr           100%         9%          1
 Corona                   Hex            64%          9%          1
 Summon Small Mammal      Summ           100%         9%          1
 Wereblood                Tmut           63%          9%          2
 Call Imp                 Summ           58%          10%         2
 Call Canine Familiar     Summ           58%          12%         3
 Summon Guardian Golem    Hex/Summ       58%          12%         3
 Summon Ice Beast         Ice/Summ       58%          21%         4


Dungeon Overview and Level Annotations

Branches:
Dungeon (14/15)            Temple (1/1) D:5            Lair (0/6) D:11
    Orc (0/2) D:11         Vaults (0/5) D:14

Altars:
Ashenzari
Cheibriados
Dithmenos
Elyvilon
Fedhas
Gozag
Hepliaklqana
Kikubaaqudgha
Makhleb
Nemelex Xobeh
Okawaru
Qazlal
Ru
Sif Muna
Trog
Uskayaw
Vehumet
Xom
Yredelemnul
Zin
The Shining One

Shops:
D:12 =

Annotations:
D:4 Grinder
D:8 exclusions: killer bee and 1 more exclusion


Innate Abilities, Weirdness & Mutations

Your experience applies equally to all skills.
You have very sharp teeth.
Your uncanny sense of smell can sniff out nearby items.


Message History

The centaur warrior closely misses you.
The white ugly thing gores you but does no damage.
You shred the centaur warrior!!!
You kill the centaur warrior!
Cheibriados thoroughly appreciates the change of pace.
The white ugly thing engulfs you! The white ugly thing freezes you!!
The white ugly thing completely misses you.
A centaur comes into view.
The centaur wields a +0 shortbow.
The centaur shoots an arrow.
The arrow hits you. The white ugly thing engulfs you!
* * * LOW HITPOINT WARNING * * *
The white ugly thing freezes you!!
* * * LOW HITPOINT WARNING * * *
Items here: ( ) ? †.
You warp the flow of time around you!
You fail to use your ability.
The white ugly thing completely misses you.
The centaur unwields a +0 shortbow.
The centaur misses you. The white ugly thing gores you.
You die...

### ..# .. #.# .. #.#
#.### #.# . ..#
#.######## #.#c#
#.##...... ∆
#.#@#######.##)#####
#.#uuu(.....<.......
##..†#(###...##..####
#..)...###.#.##..#
#......(...#.##..#
..........##..#.##..#
#####...#.##..#.##..#
#####.>.....##..#
##..........#


You could see 3 ugly things and a centaur.

Vanquished Creatures
  A stone giant (D:14)
  Harold (D:9)
  2 boulder beetles
  A catoblepas (D:13)
  A centaur warrior (D:14)
  8 two-headed ogres
  A tengu warrior (D:14)
  2 deep elf magi
  6 cyclopes
  A centaur zombie (D:10)
  2 manticores
  2 gargoyles
  3 komodo dragons
  A freezing wraith (D:14)
  A kobold demonologist (D:13)
  4 trolls
  Sigmund (D:4)
  A vampire (D:14)
  2 wyverns
  A shadow (D:14)
  3 basilisks
  24 yaks
  Menkaure (D:4)
  3 acid dragons
  3 ice beasts
  5 orc warriors
  A swamp drake (D:11)
  2 eyes of draining
  A sky beast (D:8)
  2 necrophages
  A phantom (D:6)
  A centaur (D:11)
  10 ogres
  A big kobold (D:11)
  5 bullfrogs
  2 wyvern zombies
  A water moccasin zombie (D:9)
  3 wyvern skeletons
  6 scorpions
  12 wights
  7 howler monkeys
  4 crimson imps (D:5)
  3 bullfrog zombies
  A quasit (D:10)
  3 hounds
  4 orc priests
  A bullfrog skeleton (D:6)
  3 jellies
  3 iguanas
  3 centaur skeletons
  4 orc wizards
  9 worker ants
  2 hound zombies
  2 hound skeletons
  A mummy (D:10)
  A worker ant zombie (D:6)
  A howler monkey skeleton (D:6)
  13 adders
  4 gnolls (D:4)
  2 shadow imps
  A white imp (D:10)
  An ufetubus (D:10)
  An ooze (D:3)
  An adder skeleton (D:8)
  3 worms
  4 dart slugs
  9 leopard geckos
  18 orcs
  A giant cockroach (D:3)
  4 goblins
  6 hobgoblins
  16 jackals
  10 quokkas
  4 ball pythons
  4 bats
  3 frilled lizards (D:2)
  15 kobolds
  A leopard gecko skeleton (D:6)
  7 rats
  A spectral orc (D:2)
310 creatures vanquished.

Vanquished Creatures (collateral kills)
  A cyclops (D:14)
  An ogre (D:14)
2 creatures vanquished.

Vanquished Creatures (others)
  4 plants (D:14)
4 creatures vanquished.

Grand Total: 316 creatures vanquished

Notes
Turn   | Place    | Note
-------+----------+-------------------------------------------
     0 | D:1      | erker the Gnoll Transmuter began the quest for the Orb.
     0 | D:1      | Reached XP level 1. HP: 17/17 MP: 6/6
   501 | D:1      | Reached XP level 2. HP: 20/23 MP: 7/7
   980 | D:1      | Reached XP level 3. HP: 28/28 MP: 7/9
   984 | D:1      | Learned a level 3 spell: Spider Form
  1023 | D:1      | Reached skill level 5 in Spellcasting
  1400 | D:2      | Reached skill level 1 in Invocations
  1714 | D:2      | Found an iron altar of Okawaru.
  1716 | D:2      | Found an opulent altar of Gozag.
  1716 | D:2      | Found a hazy altar of Hepliaklqana.
  2073 | D:2      | Found a basalt altar of Yredelemnul.
  2187 | D:3      | Reached skill level 1 in Short Blades
  2187 | D:3      | Reached skill level 1 in Long Blades
  2187 | D:3      | Reached skill level 1 in Axes
  2187 | D:3      | Reached skill level 1 in Maces & Flails
  2187 | D:3      | Reached skill level 1 in Polearms
  2187 | D:3      | Reached skill level 1 in Staves
  2187 | D:3      | Reached skill level 1 in Slings
  2187 | D:3      | Reached skill level 1 in Bows
  2187 | D:3      | Reached skill level 1 in Crossbows
  2187 | D:3      | Reached skill level 1 in Throwing
  2187 | D:3      | Reached skill level 1 in Armour
  2187 | D:3      | Reached skill level 1 in Stealth
  2187 | D:3      | Reached skill level 1 in Shields
  2187 | D:3      | Reached skill level 1 in Evocations
  2238 | D:3      | Reached XP level 4. HP: 34/34 MP: 7/11
  2491 | D:3      | Reached skill level 1 in Conjurations
  2491 | D:3      | Reached skill level 1 in Hexes
  2491 | D:3      | Reached skill level 1 in Summonings
  2491 | D:3      | Reached skill level 1 in Necromancy
  2491 | D:3      | Reached skill level 1 in Translocations
  2491 | D:3      | Reached skill level 1 in Fire Magic
  2491 | D:3      | Reached skill level 1 in Ice Magic
  2491 | D:3      | Reached skill level 1 in Air Magic
  2491 | D:3      | Reached skill level 1 in Earth Magic
  2491 | D:3      | Reached skill level 1 in Poison Magic
  3023 | D:3      | Found a shadowy altar of Dithmenos.
  3023 | D:3      | Found a blossoming altar of Fedhas.
  3073 | D:3      | Reached XP level 5. HP: 40/40 MP: 12/12
  3474 | D:4      | Noticed Sigmund
  3482 | D:4      | Killed Sigmund
  3483 | D:4      | Reached skill level 5 in Dodging
  3483 | D:4      | Reached XP level 6. HP: 47/47 MP: 10/14
  3543 | D:4      | Noticed Menkaure
  3665 | D:4      | Noticed Grinder
  3776 | D:4      | Reached XP level 7. HP: 30/52 MP: 13/15
  3921 | D:4      | Killed Menkaure
  3922 | D:4      | Reached skill level 7 in Unarmed Combat
  4232 | D:5      | Entered Level 5 of the Dungeon
  4663 | D:5      | Found a shimmering altar of Xom.
  4739 | D:5      | Reached XP level 8. HP: 60/60 MP: 13/16
  4862 | D:5      | Found a staircase to the Ecumenical Temple.
  4874 | Temple   | Entered the Ecumenical Temple
  4970 | Temple   | Became a worshipper of Cheibriados the Contemplative
  5610 | D:6      | Reached * piety under Cheibriados
  5901 | D:6      | Learned a level 4 spell: Ice Form
  5920 | D:6      | Reached XP level 9. HP: 66/66 MP: 15/18
  5923 | D:6      | Reached skill level 5 in Transmutations
  7599 | D:8      | Noticed a deep elf mage
  7599 | D:8      | Noticed a centaur warrior
  7639 | D:8      | Reached skill level 5 in Fighting
  7714 | D:8      | Reached ** piety under Cheibriados
  7916 | D:8      | Reached skill level 8 in Unarmed Combat
  8250 | D:9      | Reached skill level 5 in Invocations
  8319 | D:9      | Found a burning altar of Makhleb.
  8319 | D:9      | Noticed a balrug
  8322 | D:9      | Noticed a hellwing
  8322 | D:9      | Noticed a hellwing
  8996 | D:9      | Noticed Harold
  9012 | D:9      | Killed Harold
  9013 | D:9      | Reached skill level 5 in Short Blades
  9013 | D:9      | Reached skill level 5 in Long Blades
  9013 | D:9      | Reached skill level 5 in Axes
  9013 | D:9      | Reached skill level 5 in Maces & Flails
  9013 | D:9      | Reached skill level 5 in Polearms
  9013 | D:9      | Reached skill level 5 in Staves
  9013 | D:9      | Reached skill level 5 in Slings
  9013 | D:9      | Reached skill level 5 in Bows
  9013 | D:9      | Reached skill level 5 in Crossbows
  9013 | D:9      | Reached skill level 5 in Throwing
  9013 | D:9      | Reached skill level 5 in Armour
  9013 | D:9      | Reached skill level 5 in Stealth
  9013 | D:9      | Reached skill level 5 in Shields
  9013 | D:9      | Reached skill level 5 in Evocations
  9013 | D:9      | Reached XP level 10. HP: 30/76 MP: 18/20
  9320 | D:9      | Learned a level 1 spell: Apportation
  9618 | D:10     | Entered Level 10 of the Dungeon
  9669 | D:10     | Learned a level 5 spell: Blade Hands
  9682 | D:10     | Reached *** piety under Cheibriados
  9843 | D:10     | Noticed a gargoyle
  9850 | D:10     | Killed a gargoyle
 10376 | D:10     | Noticed a two-headed ogre
 10395 | D:10     | Killed a two-headed ogre
 10700 | D:10     | Reached **** piety under Cheibriados
 10703 | D:10     | Reached XP level 11. HP: 83/83 MP: 17/22
 10723 | D:10     | Reached skill level 9 in Unarmed Combat
 10724 | D:10     | Reached skill level 5 in Conjurations
 10724 | D:10     | Reached skill level 5 in Hexes
 10724 | D:10     | Reached skill level 5 in Summonings
 10724 | D:10     | Reached skill level 5 in Necromancy
 10724 | D:10     | Reached skill level 5 in Translocations
 10724 | D:10     | Reached skill level 5 in Fire Magic
 10724 | D:10     | Reached skill level 5 in Ice Magic
 10724 | D:10     | Reached skill level 5 in Air Magic
 10724 | D:10     | Reached skill level 5 in Earth Magic
 10724 | D:10     | Reached skill level 5 in Poison Magic
 11380 | D:11     | Found a staircase to the Orcish Mines.
 11595 | D:11     | Reached ***** piety under Cheibriados
 11866 | D:11     | Noticed a cyclops
 11979 | D:11     | Killed a cyclops
 12351 | D:11     | Found a staircase to the Lair.
 12870 | D:11     | Learned a level 4 spell: Summon Lightning Spire
 12972 | D:12     | Found a broken altar of Ashenzari.
 13312 | D:12     | Found Usapp's Jewellery Boutique.
 13320 | D:12     | Bought a cursed ring of teleportation for 58 gold pieces
 13737 | D:12     | Reached XP level 12. HP: 82/91 MP: 22/24
 14055 | D:13     | Noticed a catoblepas
 14102 | D:13     | Killed a catoblepas
 14554 | D:13     | Noticed a boulder beetle
 14565 | D:13     | Killed a boulder beetle
 15116 | D:14     | Noticed a two-headed ogre
 15119 | D:14     | Reached ****** piety under Cheibriados
 15122 | D:14     | Killed a two-headed ogre
 15157 | D:14     | Noticed a two-headed ogre
 15159 | D:14     | Noticed a boulder beetle
 15163 | D:14     | Noticed a two-headed ogre
 15163 | D:14     | Noticed a two-headed ogre
 15164 | D:14     | Killed a two-headed ogre
 15164 | D:14     | Noticed a two-headed ogre
 15166 | D:14     | Noticed a two-headed ogre
 15169 | D:14     | Killed a boulder beetle
 15170 | D:14     | Reached skill level 10 in Unarmed Combat
 15171 | D:14     | Killed a two-headed ogre
 15172 | D:14     | Killed a two-headed ogre
 15177 | D:14     | Killed a two-headed ogre
 15180 | D:14     | Killed a two-headed ogre
 15182 | D:14     | Noticed a two-headed ogre
 15188 | D:14     | Noticed a stone giant
 15189 | D:14     | Killed a two-headed ogre
 15190 | D:14     | Reached XP level 13. HP: 91/98 MP: 22/26
 15205 | D:14     | Killed a stone giant
 15230 | D:14     | Found a gate to the Vaults.
 15643 | D:14     | HP: 2/99 [white ugly thing (23)]
 15644 | D:14     | Slain by a white ugly thing

Illustrated notes

Levels and vault maps discovered:
D:1:      dpeg_arrival_tiny_a, layout_basic, minmay_misc_feat_five
D:2:      layout_loops_ring, grunt_temple_overflow_diamond,
          yredelemnul_forgotten_temple_becter, grunt_decor_cap
D:3:      layout_basic, gammafunk_temple_overflow_pools, grunt_ministairs_14,
          kennysheep_generic_room_14
D:4:      layout_cave_pools, old_standard_altar, chequers_arboretum,
          uniq_grinder, uniq_sigmund, uniq_menkaure
D:5:      layout_loops_ring, led_xom_imps, minmay_temple_entry_enclosed_plants
D:6:      layout_rooms
D:7:      layout_layer_cave
D:8:      layout_cave_pools, hangedman_decor_points, minivault_12
D:9:      layout_grid_maze, makhleb_altar_promises_db, uniq_harold
D:10:     layout_irregular_city, serial_undead, serial_undead_c,
          serial_undead_d, serial_undead_c, serial_undead_d
D:11:     layout_irregular_city, erik_lair_dragon, orc_0_dummy
D:12:     layout_stronghold, serial_shops, nicolae_shop_crystal,
          nicolae_ashenzari_panopticon
D:13:     layout_loops_ring
D:14:     cheibrodos_monumental, layout_loops_ring, david_vaults_1, uniq_roxanne
Temple:   zaba_magenta_temple

Skill      XL: |  1  2  3  4  5  6  7  8  9 10 11 12 13 |
---------------+----------------------------------------+-----
Spellcasting   | 5 6 7 8 9 |  9.6
Invocations    | 1 2 3 4 5 6 7 8 9 |  9.0
Short Blades   | 1 2 3 5 6 7 8 |  8.2
Long Blades    | 1 2 3 5 6 7 8 |  8.2
Axes           | 1 2 3 5 6 7 8 |  8.2
Maces & Flails | 1 2 3 5 6 7 8 |  8.2
Polearms       | 1 2 3 5 6 7 8 |  8.2
Staves         | 1 2 3 5 6 7 8 |  8.2
Slings         | 1 2 3 5 6 7 8 |  8.2
Bows           | 1 2 3 5 6 7 8 |  8.2
Crossbows      | 1 2 3 5 6 7 8 |  8.2
Throwing       | 1 2 3 5 6 7 8 |  8.2
Armour         | 1 2 3 5 6 7 8 |  8.2
Stealth        | 1 2 3 5 6 7 8 |  8.2
Shields        | 1 2 3 5 6 7 8 |  8.2
Evocations     | 1 2 3 5 6 7 8 |  8.2
Conjurations   | 1 2 3 4 5 6 |  6.8
Hexes          | 1 2 3 4 5 6 |  6.8
Summonings     | 1 2 3 4 5 6 |  6.8
Necromancy     | 1 2 3 4 5 6 |  6.8
Translocations | 1 2 3 4 5 6 |  6.8
Fire Magic     | 1 2 3 4 5 6 |  6.8
Ice Magic      | 1 2 3 4 5 6 |  6.8
Air Magic      | 1 2 3 4 5 6 |  6.8
Earth Magic    | 1 2 3 4 5 6 |  6.8
Poison Magic   | 1 2 3 4 5 6 |  6.8
Fighting       | 3 4 5 6 7 8 |  8.7
Dodging        | 5 6 7 8 9 |  9.4
Transmutations | 4 5 6 7 |  7.9
Unarmed Combat | 7 8 9 10 | 10.4

Action                   |  1- 3 |  4- 6 |  7- 9 | 10-12 | 13-15 || total
-------------------------+-------+-------+-------+-------+-------++-------
Melee: Unarmed           |    87 |    80 |   300 |   311 |    47 ||   825
       Kick              |     8 |       |       |       |       ||     8
       Headbutt          |     3 |     1 |       |       |       ||     4
       Bite              |     8 |     7 |    13 |    51 |     7 ||    86
       Punch             |     2 |     1 |     3 |    10 |     3 ||    19
 Cast: Beastly Appendage |     8 |     2 |       |       |       ||    10
       Spider Form       |     3 |    11 |    37 |    13 |     2 ||    66
       Ice Form          |       |       |     4 |     2 |       ||     6
       Blade Hands       |       |       |       |    35 |     4 ||    39
       Summon Lightning  |       |       |       |     1 |     2 ||     3
Invok: Temporal Distorti |       |       |       |       |     1 ||     1
 Abil: End Transformatio |       |       |       |     2 |       ||     2
Evoke: Wand              |       |       |       |     3 |       ||     3
  Use: Scroll            |       |       |    14 |    11 |       ||    25
 Stab: Sleeping          |     2 |     3 |    16 |    24 |     1 ||    46
       Distracted        |       |       |     1 |     1 |       ||     2
Armor: Robe              |    12 |     4 |     9 |    15 |       ||    40
       Skin              |       |     4 |    11 |     5 |       ||    20
       Acid dragon scale |       |       |       |     8 |       ||     8
       Troll leather arm |       |       |       |       |     6 ||     6
Dodge: Dodged            |    37 |    57 |   194 |   276 |    68 ||   632
